 Dungeon Sprint DCSS version 0.20-a0-315-g8346a86 (webtiles) character file.

19437 Havercy the Wrestler (level 12, -7/94 HPs)
             Began as a Grey Draconian Transmuter on Dec 20, 2016.
             Was the Champion of Ru.
             Mangled by a manticore (20 damage)
             ... in the Dungeon (Sprint IX: "|||||||||||||||||||||||||||||").
             The game lasted 00:08:12 (2850 turns).

Havercy the Wrestler (Grey Draconian Transmuter)    Turns: 2850, Time: 00:08:12

Health: -7/94      AC: 18    Str: 14    XL:     12   Next: 36%
Magic:  24/25      EV: 16    Int: 16    God:    Ru [******]
Gold:   778        SH:  0    Dex: 11    Spells: 23/29 levels left

rFire  . . .     SeeInvis .       - Unarmed
rCold  . . .     Gourm    .     (armour unavailable)
rNeg   . . .     Faith    .     (shield unavailable)
rPois  .         Spirit   .     (helmet restricted)
rElec  .         Reflect  .     A - +1 cloak
rCorr  .         Harm     .     (gloves currently unavailable)
MR     .....     NoTele   +     x - +0 pair of boots
Stlth  ..........               (no amulet)
                                o - +2 ring of protection
                                (ring unavailable)

@: blade hand
A: walk through water, unfitting armour, clumsy 1, unbreathing, cold-blooded,
missing a hand, no stealth, no conjurations magic, no earth magic, no hexes
magic, unskilled 1, AC +13
a: End Transformation, Draw Out Power, Power Leap, Apocalypse, Renounce Religion


You were in the Dungeon.
You worshipped Ru.
Ru was exalted by your worship.
You were not hungry.
You had blades for hand.
You visited 1 branch You collected 1314 gold pieces.
You spent 536 gold pieces at shops.

Inventory:

Missiles
 a - 12 arrows
Armour
 m - a +0 cloak
 x - a +0 pair of boots (worn)
 A - a +1 cloak (worn)
 B - the +1 pair of gloves of the Final Yaks {rElec MR+ Str+4 Stlth+}
   (You found it in the Dungeon)

   It affects your strength (+4).
   It insulates you from electricity.
   It affects your resistance to hostile enchantments.
   It makes you more stealthy.
Jewellery
 n - a +2 ring of evasion
 o - a +2 ring of protection (right scythe-like blade)
 y - a +2 amulet of reflection
 z - an uncursed ring of fire
Wands
 l - a wand of acid (0/15)
Scrolls
 i - 4 scrolls of blinking
 j - 5 scrolls of remove curse
 k - 2 scrolls of amnesia
 p - a scroll of recharging
 s - a scroll of identify
 t - 3 scrolls of fear
 u - 2 scrolls of enchant weapon
Potions
 d - a potion of cure mutation
 e - a potion of heal wounds
 f - a potion of haste
 g - 4 potions of magic
 h - 6 potions of curing
 q - 4 potions of brilliance
 r - a potion of agility
Books
 b - a book of Changes

   Spells                             Type                      Level
   a - Beastly Appendage              Transmutation                1
   b - Sticks to Snakes               Transmutation                2
   c - Spider Form                    Transmutation/Poison         3
   d - Ice Form                       Ice/Transmutation            4
   e - Blade Hands                    Transmutation                5
Comestibles
 c - 40 fruits
 v - 11 bread rations
 w - 11 meat rations


   Skills:
 + Level 5.4 Fighting
 + Level 7.9 Dodging
 * Level 21.5 Unarmed Combat
 + Level 9.3 Spellcasting
 * Level 12.3 Transmutations


You had 23 spell levels left.
You knew the following spells:

 Your Spells              Type           Power        Failure   Level  Hunger
a - Beastly Appendage     Tmut           #####.       6%          1    None
b - Blade Hands           Tmut           #####.....   21%         5    #####..


Dungeon Overview and Level Annotations

Branches:
Dungeon (1/1)

Altars:
Cheibriados
Dithmenos
Elyvilon
Fedhas
Gozag
Hepliaklqana
Kikubaaqudgha
Makhleb
Nemelex Xobeh
Okawaru
Qazlal
Ru
Sif Muna
Trog
Uskayaw
Vehumet
Xom
Yredelemnul
Zin
The Shining One
Beogh
Jiyva
Lugonu

Shops:
D ?:=[


Innate Abilities, Weirdness & Mutations

You can walk through water.
Your dull iron-grey scales are very hard. (AC +13)
You cannot fit into any form of body armour.
You are clumsy. (Dex -2)
You can survive without breathing.
You are cold-blooded and may be slowed by cold attacks.
You are missing a hand.
You cannot be stealthy.
You cannot study or cast Conjurations magic.
You cannot study or cast Earth magic.
You cannot study or cast Hexes magic.
You are somewhat unskilled. (-1 Apt)


Message History

The yaktaur is stunned by your will and fails to attack.
The manticore bites you!
* * * LOW HITPOINT WARNING * * *
You focus your will and blind the manticore in retribution!
The manticore claws you but does no damage. x2
Items here: ( )) †† 4 large rocks; a giant club; a dire flail; a bullfrog corpse a stone giant corpse The slime creature quivers.
You slash the manticore!
The manticore is lightly wounded.
The manticore is stunned by your will and fails to attack.
Unknown command.
You slash the manticore!
The manticore is moderately wounded.
You slash the manticore!
Your tail-slap misses the manticore.
The manticore is severely wounded.
The rakshasa weaves an illusion.
The manticore bites you!!
You die...

▓▓▓▓▓▓▓▓▓▓▓▓▓▓▓▓▓▓▓▓▓▓▓▓
[[..........').)@HcRcJJC
▓▓▓▓▓▓▓▓▓▓▓▓▓▓▓▓▓▓▓▓▓▓▓▓▓▓▓▓▓▓▓▓▓
.................)......)....(...
▓▓▓▓▓▓▓▓▓▓▓▓▓▓▓▓▓▓▓▓▓▓▓▓▓▓▓▓▓▓▓▓▓
).))......))[[..∩.∩[∩[∩.....'....
▓▓▓▓▓▓▓▓▓▓▓▓▓▓▓▓▓▓▓▓▓▓▓▓▓▓▓▓▓▓▓▓▓
.................................
▓▓▓▓▓▓▓▓▓▓▓▓▓▓▓▓▓▓▓▓▓▓▓▓▓▓▓▓▓▓▓▓▓
.'.÷.......†..†.....).[['..[[[...


You could see a stone giant (wandering), a rakshasa, 2 slime creatures, a
centaur warrior, a manticore (blind) and a yaktaur.

Vanquished Creatures
  A stone giant (D)
  Josephine (D)
  Harold (D)
  A hydra (D)
  A two-headed ogre (D)
  3 ogre magi (D)
  A centaur warrior (D)
  2 orc high priests (D)
  An unseen horror (D)
  5 deep trolls (D)
  A cyclops (D)
  3 elephants (D)
  A manticore (D)
  A black mamba (D)
  2 spiny frogs (D)
  A rime drake (D)
  2 komodo dragons (D)
  6 trolls (D)
  A meliai (D)
  A hornet (D)
  A tyrant leech (D)
  4 blink frogs (D)
  4 wraiths (D)
  A wyvern (D)
  A yak (D)
  A steam dragon (D)
  A vampire mosquito (D)
  3 porcupines (D)
  9 orc warriors (D)
  A black bear (D)
  6 bullfrogs (D)
  3 big kobolds (D)
  A gnoll sergeant (D)
  A crimson imp (D)
  6 orc wizards (D)
  2 orc priests (D)
  2 worker ants (D)
  An adder (D)
  A shadow imp (D)
  A worm (D)
  6 orcs (D)
  2 giant cockroaches (D)
  A goblin (D)
  A jackal (D)
  2 frilled lizards (D)
  2 kobolds (D)
  A quokka skeleton (D)
101 creatures vanquished.

Vanquished Creatures (others)
  A jelly (D)
1 creature vanquished.

Grand Total: 102 creatures vanquished

Notes
Turn   | Place    | Note
-------+----------+-------------------------------------------
     0 | D        | Havercy the Draconian Transmuter began the quest for the Orb.
     0 | D        | Reached XP level 1. HP: 16/16 MP: 3/3
    16 | D        | Reached skill level 4 in Unarmed Combat
    23 | D        | Noticed a worker ant
    38 | D        | Reached skill level 5 in Unarmed Combat
    38 | D        | Reached XP level 2. HP: 18/23 MP: 5/5
    44 | D        | Reached XP level 3. HP: 15/28 MP: 7/7
   100 | D        | Found a roughly hewn altar of Beogh.
   100 | D        | Found a snail-covered altar of Cheibriados.
   100 | D        | Found a shadowy altar of Dithmenos.
   100 | D        | Found a white marble altar of Elyvilon.
   100 | D        | Found a blossoming altar of Fedhas.
   100 | D        | Found an opulent altar of Gozag.
   101 | D        | Found a hazy altar of Hepliaklqana.
   102 | D        | Found a viscous altar of Jiyva.
   103 | D        | Found an ancient bone altar of Kikubaaqudgha.
   104 | D        | Found a corrupted altar of Lugonu.
   105 | D        | Found a burning altar of Makhleb.
   106 | D        | Found a sparkling altar of Nemelex Xobeh.
   107 | D        | Found an iron altar of Okawaru.
   108 | D        | Found a stormy altar of Qazlal.
   109 | D        | Found a sacrificial altar of Ru.
   110 | D        | Found a deep blue altar of Sif Muna.
   111 | D        | Found a bloodstained altar of Trog.
   112 | D        | Found a hide-covered altar of Uskayaw.
   113 | D        | Found a radiant altar of Vehumet.
   114 | D        | Found a shimmering altar of Xom.
   115 | D        | Found a basalt altar of Yredelemnul.
   116 | D        | Found a glowing silver altar of Zin.
   117 | D        | Became a worshipper of Ru the Awakened
   118 | D        | Found a glowing golden altar of the Shining One.
   146 | D        | Noticed a hornet
   146 | D        | Noticed a big kobold
   146 | D        | Noticed a black bear
   146 | D        | Noticed a gnoll sergeant
   151 | D        | Reached skill level 6 in Unarmed Combat
   153 | D        | Killed a big kobold
   153 | D        | Reached skill level 8 in Unarmed Combat
   153 | D        | Reached XP level 4. HP: 14/36 MP: 7/9
   154 | D        | Killed a hornet
   154 | D        | Reached skill level 11 in Unarmed Combat
   154 | D        | Reached XP level 5. HP: 18/44 MP: 7/11
   154 | D        | Reached XP level 6. HP: 20/50 MP: 7/12
   167 | D        | Reached skill level 12 in Unarmed Combat
   167 | D        | Reached skill level 5 in Transmutations
   167 | D        | Your scales start taking on a dull iron-grey colour.
   167 | D        | Reached XP level 7. HP: 26/57 MP: 9/14
   167 | D        | Gained mutation: You can survive without breathing. [Grey Draconian growth]
   452 | D        | Learned a level 5 spell: Blade Hands
   453 | D        | Noticed a manticore
   455 | D        | Reached skill level 5 in Dodging
   459 | D        | Killed a manticore
   459 | D        | Reached skill level 13 in Unarmed Combat
   459 | D        | Reached skill level 5 in Spellcasting
   467 | D        | Killed an unseen horror
   467 | D        | Reached skill level 15 in Unarmed Combat
   467 | D        | Reached XP level 8. HP: 49/66 MP: 14/16
   468 | D        | Gained mutation: You cannot study or cast Earth magic. [Ru sacrifice]
   468 | D        | Gained mutation: You cannot study or cast Hexes magic. [Ru sacrifice]
   468 | D        | Gained mutation: You cannot study or cast Conjurations magic. [Ru sacrifice]
   468 | D        | Reached * piety under Ru
   598 | D        | Noticed a komodo dragon
   598 | D        | Noticed a black mamba
   598 | D        | Noticed a spiny frog
   603 | D        | Noticed a spiny frog
   604 | D        | Noticed an elephant
   606 | D        | Noticed an elephant
   607 | D        | Killed a komodo dragon
   607 | D        | Reached XP level 9. HP: 34/71 MP: 12/17
   617 | D        | Killed a black mamba
   617 | D        | Reached skill level 16 in Unarmed Combat
   889 | D        | Killed a spiny frog
   905 | D        | Killed a spiny frog
   905 | D        | Reached skill level 17 in Unarmed Combat
   909 | D        | Killed an elephant
   917 | D        | Killed an elephant
   917 | D        | Reached skill level 5 in Fighting
  1158 | D        | Noticed a komodo dragon
  1158 | D        | Noticed a six-headed hydra
  1161 | D        | Noticed a rime drake
  1162 | D        | Killed a komodo dragon
  1162 | D        | Reached XP level 10. HP: 54/81 MP: 14/20
  1164 | D        | Reached skill level 18 in Unarmed Combat
  1164 | D        | Killed a six-headed hydra
  1167 | D        | Noticed an elephant
  1171 | D        | Gained mutation: You cannot be stealthy. [Ru sacrifice]
  1171 | D        | Reached ** piety under Ru
  1176 | D        | Killed an elephant
  1176 | D        | Reached skill level 10 in Transmutations
  1417 | D        | Reached skill level 19 in Unarmed Combat
  1666 | D        | Gained mutation: You are clumsy. (Dex -2) [Ru sacrifice]
  1692 | D        | Noticed an orc high priest
  1701 | D        | Killed an orc high priest
  1701 | D        | Reached XP level 11. HP: 72/88 MP: 19/23
  1853 | D        | Noticed an orc high priest
  1866 | D        | Killed an orc high priest
  1872 | D        | Reached skill level 20 in Unarmed Combat
  1880 | D        | Gained mutation: You are somewhat unskilled. (-1 Apt) [Ru sacrifice]
  1880 | D        | Reduced skill Unarmed Combat to level 18
  1880 | D        | Reduced skill Transmutations to level 10
  1880 | D        | Reached *** piety under Ru
  2152 | D        | Found Puru's Magic Scroll Emporium.
  2152 | D        | Noticed an ogre mage
  2152 | D        | Noticed an ogre mage
  2152 | D        | Noticed a deep troll
  2152 | D        | Noticed a deep troll
  2152 | D        | Noticed a deep troll
  2159 | D        | Killed an ogre mage
  2159 | D        | Reached skill level 19 in Unarmed Combat
  2162 | D        | Killed an ogre mage
  2163 | D        | Found Weunla's Book Shoppe.
  2165 | D        | Killed a deep troll
  2168 | D        | Killed a deep troll
  2172 | D        | Killed a deep troll
  2507 | D        | Found Ateoc's Jewellery Emporium.
  2512 | D        | Found Fuatsol's Armour Shoppe.
  2513 | D        | Noticed an ogre mage
  2514 | D        | Noticed a deep troll
  2516 | D        | Reached skill level 20 in Unarmed Combat
  2518 | D        | Noticed a deep troll
  2522 | D        | Killed an ogre mage
  2525 | D        | Killed a deep troll
  2533 | D        | Killed a deep troll
  2544 | D        | Gained mutation: You are missing a hand. [Ru sacrifice]
  2544 | D        | Reached **** piety under Ru
  2544 | D        | Reached ***** piety under Ru
  2544 | D        | Reached ****** piety under Ru
  2551 | D        | Bought a scroll of blinking for 82 gold pieces
  2551 | D        | Bought a scroll of recharging for 104 gold pieces
  2581 | D        | Bought a +2 amulet of reflection for 350 gold pieces
  2619 | D        | Noticed Harold
  2630 | D        | Killed Harold
  2630 | D        | Reached XP level 12. HP: 52/94 MP: 19/24
  2681 | D        | Noticed Josephine
  2690 | D        | Killed Josephine
  2700 | D        | Reached skill level 21 in Unarmed Combat
  2789 | D        | Got the +1 pair of gloves of the Final Yaks {rElec MR+ Str+4 Stlth+}
  2812 | D        | Noticed a centaur warrior
  2812 | D        | Noticed a two-headed ogre
  2818 | D        | Noticed a stone giant
  2821 | D        | Killed a centaur warrior
  2826 | D        | Noticed a rakshasa
  2831 | D        | Killed a two-headed ogre
  2835 | D        | Noticed a centaur warrior
  2841 | D        | Killed a stone giant
  2850 | D        | Mangled by a manticore

Vault maps used:
D:        linesprint

Skill      XL: |  1  2  3  4  5  6  7  8  9 10 11 12 |
---------------+-------------------------------------+-----
Dodging        | 2 3 4 6 7 |  7.9
Unarmed Combat | 5 8 11 12 15 17 19 20 21 | 21.5
Transmutations | 3 4 5 6 8 10 11 12 | 12.3
Fighting       | 2 3 4 5 |  5.4
Spellcasting   | 3 4 5 6 8 8 9 |  9.3

Action                   |  1- 3 |  4- 6 |  7- 9 | 10-12 || total
-------------------------+-------+-------+-------+-------++-------
Melee: Unarmed           |    39 |    10 |    48 |   181 ||   278
       Tailslap          |     2 |     3 |     5 |    18 ||    28
       Kick              |     3 |     4 |       |       ||     7
       Punch             |       |     1 |     1 |    10 ||    12
       Headbutt          |       |       |     3 |       ||     3
 Cast: Beastly Appendage |     2 |       |     1 |       ||     3
       Blade Hands       |       |       |     4 |    10 ||    14
Invok: Sacrifice Arcana  |       |       |     1 |       ||     1
       Sacrifice Purity  |       |       |       |     1 ||     1
       Sacrifice Stealth |       |       |       |     1 ||     1
       Sacrifice a Hand  |       |       |       |     1 ||     1
       Sacrifice Skill   |       |       |       |     1 ||     1
 Abil: End Transformatio |       |       |     1 |       ||     1
Evoke: Wand              |     1 |     2 |     6 |     3 ||    12
  Use: Potion            |     4 |       |     3 |     2 ||     9
       Scroll            |       |       |     2 |       ||     2
 Stab: Invisible         |       |     2 |       |       ||     2
       Distracted        |       |       |     1 |       ||     1
       Paralysed         |       |       |       |     1 ||     1
  Eat: Bread ration      |       |       |     1 |     1 ||     2
       Meat ration       |       |       |       |     1 ||     1
Armor: Skin              |     6 |       |    13 |    29 ||    48
Dodge: Dodged            |    19 |     8 |    29 |    68 ||   124
